 Dungeon Crawl Stone Soup version 0.29.0-11-gd7f09526c8 (webtiles) character file.

Game seed: 5749362960702612703

28 GigaChad the Covered (level 3, -1/33 HPs)
             Began as a Minotaur Fighter on Sept 6, 2022.
             Was a Follower of Nemelex Xobeh.
             Slain by a worm (4 damage)
             ... on level 2 of the Dungeon.
             The game lasted 00:02:16 (1222 turns).

GigaChad the Covered (Minotaur Fighter)             Turns: 1222, Time: 00:02:17

Health: -1/33      AC:  7    Str: 22    XL:     3   Next: 0%
Magic:  2/2        EV:  9    Int:  5    God:    Nemelex Xobeh [*.....]
Gold:   103        SH:  4    Dex:  9    Spells: 2/2 levels left

rFire   . . .      SeeInvis .   a - +0 long sword
rCold   . . .      Faith    .   c - +0 buckler
rNeg    . . .      Spirit   .   b - +0 scale mail
rPois   .          Reflect  .   (helmet restricted)
rElec   .          Harm     .   (no cloak)
rCorr   .          Rampage  .   (no gloves)
Will    .....                   (no boots)
Stlth   ..........              (no amulet)
HPRegen 0.11/turn               (no ring)
MPRegen 0.08/turn               (no ring)

@: no status effects
A: horns 2, retaliatory headbutt
a: Renounce Religion, Draw Escape, Draw Destruction, Draw Summoning


You were on level 2 of the Dungeon.
You worshipped Nemelex Xobeh.
Nemelex Xobeh was aware of your devotion.
You visited 1 branch of the dungeon, and saw 2 of its levels.

You collected 103 gold pieces.

Inventory:

Hand Weapons
 a - a +0 long sword (weapon)
Armour
 b - a +0 scale mail (worn)
 c - a +0 buckler (worn)
Scrolls
 f - a scroll of torment
 i - a scroll of teleportation {unknown}
 k - a scroll of summoning {unknown}
 l - a scroll of magic mapping {unknown}
Potions
 d - a potion of might
 e - a potion of brilliance {unknown}
 g - a potion of haste {unknown}
 h - a potion of heal wounds {unknown}
 j - a potion of lignification {unknown}


   Skills:
 + Level 4.1 Fighting
 + Level 2.6 Long Blades
 + Level 4.3 Armour
 + Level 0.1 Dodging
 + Level 3.9 Shields


You had 2 spell levels left.
You didn't know any spells.
Your spell library was empty.

Dungeon Overview and Level Annotations

Branches:
Dungeon (2/15)

Altars:
Nemelex Xobeh


Innate Abilities, Weirdness & Mutations

You have a pair of horns on your head.
You reflexively headbutt those who attack you in melee.


Message History

Increase (S)trength, (I)ntelligence, or (D)exterity?
You feel stronger. x2
The roots grasp on you weakens, but your attempt to escape fails.
The giant cockroach closely misses you. The goblin hits you but does no damage.
The grasping roots constrict you.
A kobold comes into view. It is wielding a +0 club.
The goblin closely misses you.
You closely miss Robin.
The giant cockroach bites you but does no damage.
Robin roars a battlecry!
The goblins go into a battle-frenzy!
The grasping roots constrict you. The goblin hits you but does no damage.
The goblin hits you with a +0 club. The worm bites you.
The giant cockroach bites you but does no damage.
The grasping roots release their grip on you.
You barely miss Robin. Your headbutt misses Robin.
Robin hits you but does no damage. The goblin hits you but does no damage.
The goblin barely misses you.
The giant cockroach bites you but does no damage.
The worm bites you but does no damage. The goblin barely misses you.
The goblin hits you with a +0 club. Robin hits you with a +0 falchion.
* * * LOW HITPOINT WARNING * * *
You slash Robin!
Robin is severely wounded.
The giant cockroach bites you but does no damage.
The giant cockroach barely misses you.
Robin zaps a wand.
The roots erupt in riotous growth!
The grasping roots grab you!
Robin is unaffected.
The worm is unaffected.
The giant cockroach is unaffected.
The goblin is unaffected. x2; The grasping roots constrict you.
* * * LOW HITPOINT WARNING * * *
You block the goblin's attack. The goblin hits you with a +0 club.
* * * LOW HITPOINT WARNING * * *
You hear an angry hiss.
You hit Robin but do no damage. You headbutt Robin.
You kill Robin!
The giant cockroach bites you but does no damage.
The worm bites you.
You die...
Your body glows slightly and disappears.

#.....#..#. #.# #.#
#.#........ #.# #.#
#...#...... #.# #.#
#.......... #.# #>#
#.......... #.# #.#
#...#......
##.###.#######.#BggK....
#...##.##......)@wg#
..........####)##gg.....
#...##.#### #.# ##.....
######.#


#gg #### #.. #### #.## #.# ..# ### You could see a worm, a giant cockroach, a
hobgoblin (strong), 4 goblins and a kobold.

Vanquished Creatures
  Robin (D:2)
  An adder (D:2)
  A ball python (D:1)
  A bat (D:1)
  2 endoplasms (D:1)
  3 goblins
  2 hobgoblins
  2 kobolds
  2 frilled lizards
  5 rats
20 creatures vanquished.

Notes
Turn   | Place    | Note
-------+----------+-------------------------------------------
     0 | D:1      | GigaChad the Minotaur Fighter began the quest for the Orb.
     0 | D:1      | Reached XP level 1. HP: 19/19 MP: 0/0
   219 | D:1      | Reached XP level 2. HP: 26/27 MP: 1/1
   291 | D:1      | Found a faded altar of an unknown god.
   308 | D:1      | Prayed at the altar of an unknown god.
   308 | D:1      | Became a worshipper of Nemelex Xobeh the Trickster
   308 | D:1      | Reached * piety under Nemelex Xobeh
   308 | D:1      | Received a gift from Nemelex Xobeh
  1211 | D:2      | Noticed Robin
  1218 | D:2      | Reached XP level 3. HP: 25/33 MP: 2/2
  1222 | D:2      | Killed Robin
  1222 | D:2      | Slain by a worm

Illustrated notes

Levels and vault maps discovered:
D:1:      dpeg_arrival_pits, layout_basic, hellmonk_ecumenical_altar_crossroads,
          dk_noncrumbling_4
D:2:      layout_loops_ring, minmay_misc_feat_plants, uniq_robin

Skill      XL: |  1  2 |
---------------+-------+-----
Fighting       | 4 |  4.1
Armour         | 4 |  4.3
Long Blades    | |  2.6
Dodging        | |  0.1
Shields        | |  3.9

Action                   || total
-------------------------++-------
Melee: Long sword        ||    34
       Headbutt          ||     6
  Use: Scroll            ||     2
Armor: Scale mail        ||    23
Dodge: Dodged            ||    22
Block: Buckler           ||     9
